 Dungeon Crawl Stone Soup version 0.31-a0-810-ga77100ea1a (webtiles) character file.

Game seed: 6063492591267970281

1071 lunkers the Geomancer (level 8, -1/49 HPs)
             Began as a Meteoran Earth Elementalist on Sept 21, 2023.
             Slain by a killer bee (3 damage)
             ... on level 7 of the Dungeon.
             The game lasted 00:04:46 (1876 turns).

lunkers the Geomancer (Meteoran Earth Elementalist) Turns: 1876, Time: 00:04:46

Health: -1/49      AC:  7    Str:  9    XL:     8   Next: 83%
Magic:  9/18       EV: 17    Int: 19    God:
Gold:   156        SH:  0    Dex: 17    Spells: 5/19 levels left

rFire   . . .        p - +2 halberd (protect)
rCold   . . .        (shield currently unavailable)
rNeg    . . .        a - +0 robe
rPois   .            r - +2 helmet of the Vacuum {Dex+2}
rElec   .            (no cloak)
rCorr   .            s - +0 pair of gloves
SInv    .            i - +0 pair of boots
Will    +....        (no amulet)
Stlth   +            f - +5 ring of evasion
HPRegen 0.28/turn    (no ring)
MPRegen 0.16/turn

%: no passive effects
@: lethally poisoned (-1 -> -19), glowing
A: sense surroundings 1, otherworldly, glowing, explore regen
a: no special abilities


You were on level 7 of the Dungeon.
You visited 1 branch of the dungeon, and saw 6 of its levels.

You collected 156 gold pieces.

Inventory:

Hand Weapons
 m - the +9 spear of Darkness {speed, rC- rN+ Str+3}
   (You found it on level 2 of the Dungeon)

   Str+3:     It affects your strength (+3).
   rC-:       It makes you vulnerable to cold.
   rN+:       It protects you from negative energy.
 p - a +2 halberd of protection (weapon)
Armour
 a - a +0 robe (worn)
 d - a +0 pair of boots
 g - a +0 helmet
 i - a +0 pair of boots (worn)
 r - the +2 helmet of the Vacuum (worn) {Dex+2}
   (You found it on level 4 of the Dungeon)

   Dex+2:     It affects your dexterity (+2).
 s - a +0 pair of gloves (worn)
Jewellery
 f - a +5 ring of evasion (left hand)
 x - a ring of ice
Talismans
 q - a maw talisman
Scrolls
 c - a scroll of enchant armour {unknown}
 e - a scroll of vulnerability {unknown}
 h - 2 scrolls of amnesia {unknown}
 j - 4 scrolls of identify {unknown}
 l - 2 scrolls of immolation {unknown}
 o - a scroll of revelation {unknown}
 t - 3 scrolls of enchant weapon {unknown}
 v - a scroll of fear {unknown}
 y - a scroll of noise {unknown}
Potions
 b - 3 potions of magic
 k - 3 potions of curing {unknown}
 n - a potion of haste {unknown}
 u - 2 potions of attraction {unknown}
 w - a potion of might {unknown}


   Skills:
 - Level 2.1 Dodging
 - Level 1.4 Stealth
 + Level 6.4 Spellcasting
 * Level 4.7 Conjurations
 - Level 1.2 Transmutations
 * Level 9.1 Earth Magic


You had 5 spell levels left.
You knew the following spells:

 Your Spells              Type           Power      Damage    Failure   Level
a - Sandblast             Erth           80%        2d17      1%          1
b - Passwall              Tmut/Erth      20%        N/A       1%          2
c - Stone Arrow           Conj/Erth      64%        3d11      1%          3
d - Petrify               Tmut/Erth      25%        N/A       13%         4
e - Brom's Barrelling Bo  Conj/Erth      32%        2d5       6%          4

Your spell library contained the following spells:

 Spells                   Type           Power      Damage    Failure   Level
 Necrotise                Necr           24%        1d5       11%         1
 Vampiric Draining        Necr           6%         2d6       32%         3
 Agony                    Necr           6%         N/A       96%         5


Dungeon Overview and Level Annotations

Branches:
Dungeon (7/15) Zot: 1852
 Temple: D:4-7

Altars:
Okawaru

Portals:
Abyss: D:4

Annotations:
D:4 1 transporter, soul19's ghost, amateur DsGl


Innate Abilities, Weirdness & Mutations

You passively map a small area around you.
You are easily found by Zot.
You glow in the dark.
You regain HP and MP as you explore.


Message History

The blast of sand hits the killer bee.
The killer bee is heavily wounded.
The killer bee barely misses you. The killer bee misses you.
The killer bee stings you.
* * * LOW HITPOINT WARNING * * *
You are poisoned.
The killer bee poisons you! The killer bee misses you.
The killer bee barely misses you.
The killer bee stings you but does no damage.
The killer bee completely misses you. The killer bee closely misses you.
The killer bee stings you but does no damage.
Unknown command.
Aiming: Sandblast (safe; 1% risk of failure)
Press: ? - help, Q - select action, (/) - cycle Shift-Dir - straight line, f/p - killer bee
Aim: a killer bee (heavily wounded, 69% to hit)
The blast of sand hits the killer bee!
You kill the killer bee!
You feel very sick.
The killer bee stings you but does no damage.
The killer bee stings you.
* * * LOW HITPOINT WARNING * * *
You are lethally poisoned!
The killer bee poisons you! The killer bee stings you.
* * * LOW HITPOINT WARNING * * *
The killer bee misses you.
The killer bee stings you but does no damage.
The killer bee completely misses you.
Unknown command.
Aiming: Sandblast (safe; 1% risk of failure)
Press: ? - help, Q - select action, (/) - cycle Shift-Dir - straight line, f - killer bee
Aim: a killer bee (69% to hit)
The blast of sand hits the killer bee.
The killer bee is lightly wounded.
* * * LOW HITPOINT WARNING * * *
You feel very sick. The killer bee closely misses you.
The killer bee stings you.
* * * LOW HITPOINT WARNING * * *
You are more poisoned.
The killer bee poisons you! The killer bee stings you.
You die...

, #......y..
,, #......y.
,#....%.. ,
#......
#..... * ,
#.... ,, ,+
*#..#* , , *
##y†########
, #...
#.†@y......+
, #....
#..........#
#(...
+..........#
#....
#...########
#...# #...#,,
, **
#...###...# ,
+
#.........#,,
, ,
#>........+ ,
#.........# ,
,, ,


You could see 2 killer bees.

Vanquished Creatures
  2 water moccasins
  A black bear (D:5)
  A bullfrog (D:5)
  A scorpion (D:5)
  4 killer bees (D:7)
  3 hounds (D:5)
  A gnoll bouda (D:4)
  An orc priest (D:3)
  An iguana (D:5)
  A sleepcap (D:5)
  2 orc wizards (D:3)
  8 gnolls
  7 adders
  A shadow imp (D:5)
  A white imp (D:5)
  An ufetubus (D:5)
  A worm (D:2)
  3 dart slugs
  2 orcs
  4 endoplasms
  5 giant cockroaches
  3 goblins
  2 hobgoblins
  4 jackals
  3 quokkas
  2 ball pythons
  7 bats
  2 frilled lizards
  7 kobolds
  6 rats
87 creatures vanquished.

Notes
Turn   | Place    | Note
-------+----------+-------------------------------------------
     0 | D:1      | lunkers the Meteoran Earth Elementalist began the quest for
                  | the Orb.
     0 | D:1      | Reached XP level 1. HP: 14/14 MP: 5/5
   132 | D:1      | Reached skill level 4 in Earth Magic
   132 | D:1      | Reached XP level 2. HP: 19/20 MP: 0/6
   456 | D:1      | Reached XP level 3. HP: 26/26 MP: 6/8
   489 | D:1      | Glimpsed the power of Zot.
   539 | D:1      | Glimpsed the power of Zot.
   579 | D:1      | Glimpsed the power of Zot.
   588 | D:1      | Touched by the power of Zot (MHP 26 -> 19)
   678 | D:2      | Reached XP level 4. HP: 24/25 MP: 6/10
   708 | D:2      | Reached skill level 5 in Earth Magic
   719 | D:2      | Learned a level 2 spell: Passwall
   723 | D:2      | Learned a level 3 spell: Stone Arrow
   933 | D:2      | Reached XP level 5. HP: 25/30 MP: 8/11
   975 | D:2      | Identified the +9 spear of Darkness {speed, rC- rN+ Str+3}
  1175 | D:3      | Reached skill level 6 in Earth Magic
  1262 | D:3      | Reached XP level 6. HP: 35/37 MP: 11/13
  1342 | D:4      | Reached skill level 7 in Earth Magic
  1344 | D:4      | Reached skill level 5 in Spellcasting
  1355 | D:4      | Found a transporter.
  1364 | D:4      | Noticed a water moccasin
  1369 | D:4      | Killed a water moccasin
  1370 | D:4      | Reached XP level 7. HP: 12/42 MP: 10/16
  1375 | D:4      | Learned a level 4 spell: Petrify
  1380 | D:4      | Learned a level 4 spell: Brom's Barrelling Boulder
  1387 | D:4      | Noticed soul19's ghost (amateur DsGl)
  1389 | D:4      | Found a one-way gate to the infinite horrors of the Abyss.
  1462 | D:4      | Identified the +2 helmet of the Vacuum {Dex+2}
  1534 | D:5      | Entered Level 5 of the Dungeon
  1539 | D:5      | Reached skill level 1 in Conjurations
  1558 | D:5      | Noticed a water moccasin
  1563 | D:5      | Killed a water moccasin
  1564 | D:5      | Reached skill level 8 in Earth Magic
  1566 | D:5      | Found an iron altar of Okawaru.
  1629 | D:5      | Reached XP level 8. HP: 49/49 MP: 14/17
  1845 | D:5      | You fall into a shaft and drop 2 floors!
  1873 | D:7      | Reached skill level 9 in Earth Magic
  1876 | D:7      | HP: 2/49 [killer bee (4)]
  1876 | D:7      | Slain by a killer bee

Illustrated notes

Levels and vault maps discovered:
D:1:      amcnicky_arrival_flooded_fountain, layout_loops_corners,
          kennysheep_minor_cross, nicolae_figureground_sparkle
D:2:      layout_loops_cross, minmay_pentomino_x4
D:3:      layout_loops_ring
D:4:      layout_basic, gammafunk_ghost_abyssal_escape, minmay_ruined_shrine
D:5:      layout_basic, nicolae_overflow_crystal_walls
D:7:      minmay_evil_eye, layout_gridville, serial_shops, shop, minivault_5,
          uniq_menkaure, uniq_prince_ribbit1

Skill      XL: |  1  2  3  4  5  6  7  8 |
---------------+-------------------------+-----
Earth Magic    | 4 5 6 7 8 9 |  9.1
Spellcasting   | 3 4 5 6 |  6.4
Conjurations   | 2 4 |  4.7
Dodging        | |  2.1
Stealth        | |  1.4
Transmutations | |  1.2

Action                     |  1- 3 |  4- 6 |  7- 9 || total
---------------------------+-------+-------+-------++-------
  Melee: Unarmed           |     2 |       |       ||     2
   Cast: Sandblast         |    34 |    66 |    48 ||   148
 Armour: Robe              |     6 |    20 |    27 ||    53
  Dodge: Dodged            |    21 |    34 |    59 ||   114

Table legend: (Time is in decaauts)
 A = Elapsed time spent in this place.
 B = Non-inter-level travel time spent in this place.
 C = Inter-level travel time spent in this place.
 D = Time resting spent in this place.
 E = Time spent auto-exploring this place.
 F = Levels seen in this place.
 G = Mean time per level.
                   A        B        C        D        E       F      G
               +--------+--------+--------+--------+--------+-----+--------+
         Total |   1946 |   1899 |     47 |      0 |   1179 |   6 |  324.3 |
       Dungeon |   1946 |   1899 |     47 |      0 |   1179 |   6 |  324.3 |
               +--------+--------+--------+--------+--------+-----+--------+

Top non-repeatable levels by time:
     D:1: 658 daAuts
     D:2: 466 daAuts
     D:5: 324 daAuts
     D:3: 239 daAuts
     D:4: 220 daAuts
     D:7: 36 daAuts
